 Dungeon Crawl Stone Soup version 0.27.1-34-g3ba077fa99 (webtiles) character file.

Game seed: 3207426175775404609

2311 mcbry74 the Spear-Bearer (level 9, 0/68 HPs)
             Began as a Merfolk Gladiator on Jan 26, 2022.
             Was a Believer of the Shining One.
             Succumbed to an orc's curare-tipped dart
             ... on level 7 of the Dungeon on Jan 27, 2022.
             The game lasted 00:22:54 (7796 turns).

mcbry74 the Spear-Bearer (Merfolk Gladiator)        Turns: 7796, Time: 00:22:55

Health: 0/68       AC: 10    Str: 15    XL:     9   Next: 41%
Magic:  12/12      EV: 15    Int: 10    God:    the Shining One [**....]
Gold:   294        SH:  0    Dex: 15    Spells: 8/8 levels left

rFire    . . .     SeeInvis .   I - +2 trident
rCold    . . .     Faith    .   (no shield)
rNeg     + . .     Spirit   .   G - +0 steam dragon scales
rPois    .         Reflect  .   p - +0 helmet
rElec    .         Harm     .   (no cloak)
rCorr    .         Rampage  .   (no gloves)
Will     +....                  (no boots)
Stlth    +.........             (no amulet)
HPRegen  0.21/turn              h - +4 ring of protection
MPRegen  0.13/turn              y - ring of willpower

@: lethally poisoned (0 -> -7), slowed, glowing, very slow
A: (nimble swimmer 2), mertail
a: Renounce Religion, Divine Shield


You were on level 7 of the Dungeon.
You worshipped the Shining One.
The Shining One was pleased with you.
You visited 2 branches of the dungeon, and saw 8 of its levels.

You collected 294 gold pieces.

Inventory:

Hand Weapons
 a - a +0 trident
 I - a +2 trident (weapon)
Missiles
 d - 2 throwing nets (quivered)
 k - 204 stones
 m - 11 boomerangs
 q - 5 silver boomerangs
 r - 41 sling bullets
Armour
 b - a +0 leather armour
 c - a +0 helmet
 e - a +0 helmet
 p - a +0 helmet (worn)
 w - a +0 kite shield
 G - +0 steam dragon scales (worn)
Jewellery
 h - a +4 ring of protection (left hand)
 y - a ring of willpower (right hand)
 C - a ring of see invisible
 F - a ring of ice
Wands
 D - a wand of polymorph (6)
Scrolls
 f - 5 scrolls of teleportation
 i - 2 scrolls of enchant armour
 l - 2 scrolls of fear
 n - a scroll of enchant weapon {unknown}
 t - a scroll of summoning {unknown}
 x - 2 scrolls of immolation
 E - a scroll of vulnerability {unknown}
 H - 2 scrolls of magic mapping {unknown}
Potions
 g - a potion of attraction
 j - a potion of curing
 s - a potion of invisibility {unknown}
 u - a potion of flight {unknown}
 v - a potion of lignification {unknown}
 z - a potion of ambrosia {unknown}
 A - a potion of haste {unknown}
 B - 3 potions of brilliance {unknown}


   Skills:
 + Level 5.1 Fighting
 * Level 12.2 Polearms
 + Level 4.5 Throwing
 + Level 2.3 Armour
 + Level 6.8 Dodging
 + Level 4.3 Invocations


You had 8 spell levels left.
You didn't know any spells.
Your spell library contained the following spells:

 Spells                   Type           Power      Damage    Failure   Level
 Foxfire                  Conj/Fire      0%         2x1d4     36%         1
 Static Discharge         Conj/Air       0%         N/A       50%         2
 Conjure Flame            Conj/Fire      0%         6-21      75%         3
 Gell's Gravitas          Tloc           0%         N/A       75%         3
 Inner Flame              Hex/Fire       0%         N/A       75%         3
 Lesser Beckoning         Tloc           0%         N/A       75%         3
 Dispel Undead            Necr           0%         3d6       98%         4
 Sticky Flame             Conj/Fire      0%         2d3       98%         4
 Lightning Bolt           Conj/Air       0%         1d11      100%        5
 Disjunction              Tloc           0%         N/A       100%        8
 Maxwell's Capacitive Co  Air            0%         ∞         100%        8


Dungeon Overview and Level Annotations

Branches:
Dungeon (7/15)             Temple (1/1) D:4

Altars:
Ashenzari
Cheibriados
Dithmenos
Elyvilon
Gozag
Hepliaklqana
Kikubaaqudgha
Makhleb
Nemelex Xobeh
Okawaru
Ru
Sif Muna
Uskayaw
Vehumet
Xom
Yredelemnul
Zin
The Shining One

Shops:
D:6 =


Innate Abilities, Weirdness & Mutations

((You are quick and stealthy near water. (Stealth+, EV+, Speed+++)))
Your lower body shifts to a powerful aquatic tail in water.


Message History

You are more poisoned.
You hit the orc warrior.
The orc warrior is severely wounded.
You feel sick. The orc hits you with a +0 short sword.
* * * LOW HITPOINT WARNING * * *
You feel very sick. The orc warrior misses you. The orc closely misses you. x2
You climb downwards.
You feel very sick. The orc hits you but does no damage. The orc misses you.
There is a stone staircase leading up here.
You feel sick.
The orc warrior hits you but does no damage.
The orc throws a curare-tipped dart.
The curare-tipped dart barely misses you.
The orc hits you but does no damage. The orc barely misses you.
Items here: )) [ †.
You feel sick. The orc hits you with a +0 short sword.
* * * LOW HITPOINT WARNING * * *
The orc warrior closely misses you.
* * * LOW HITPOINT WARNING * * *
You feel sick.
Okay, then.
You feel better.
The orc throws a curare-tipped dart.
The curare-tipped dart hits you.
You are poisoned.
You have difficulty breathing.
* * * LOW HITPOINT WARNING * * *
You feel yourself slow down. The orc closely misses you.
The orc warrior hits you from afar with a +0 halberd.
* * * LOW HITPOINT WARNING * * *
The orc hits you but does no damage.
* * * LOW HITPOINT WARNING * * *
You feel very sick. The orc hits you but does no damage.
The orc hits you with a +0 flail.
* * * LOW HITPOINT WARNING * * *
As you read the scroll of fear, it crumbles to dust.
You assume a fearsome visage.
The orc looks frightened!
The orc warrior looks frightened!
The orc looks frightened! x3
You die...

#...#####.#.# #......#.#
###z# ########
#.#########.#######.#
#....... #.# #.........##.#
#.###... #.# #.##.........#
#.# #o## #.# #.#######.##.#
#.# #.# #.# #.#######[##.#
#.# #.# #.# #.#.ooo...##.#
#.# #o# #.#
###.<)oo@#..##.###.# #.#
#.####....###......:....# #.#
#.........# #....##########.#
#.####.#..###......o..o.....#
.####.........#.############
#.......[........#
######......##.###
#.........# #.........#


You could see an orc warrior (fleeing) and 4 orcs.

Vanquished Creatures
  A steam dragon (D:6)
  2 water moccasins
  2 orc warriors (D:6)
  A sky beast (D:7)
  2 ogres (D:5)
  A centaur (D:5)
  A necrophage (D:4)
  A bullfrog (D:7)
  A water moccasin zombie (D:7)
  2 wyvern zombies
  2 scorpions
  5 killer bees (D:7)
  A howler monkey (D:7)
  5 wights (D:7)
  4 centaur zombies
  A hound (D:5)
  A bullfrog zombie (D:7)
  A jelly (D:5)
  Jessica (D:2)
  An iguana (D:5)
  An orc wizard (D:6)
  2 killer bee zombies
  A hound skeleton (D:4)
  2 howler monkey zombies (D:7)
  A howler monkey skeleton (D:4)
  6 adders
  A white imp (D:5)
  An ufetubus (D:4)
  A worm (D:2)
  A dart slug (D:1)
  7 orcs
  9 ball pythons
  8 endoplasms
  A giant cockroach (D:1)
  5 goblins
  5 hobgoblins
  3 jackals (D:2)
  2 quokkas
  4 bats
  3 frilled lizards
  5 kobolds
  8 rats
113 creatures vanquished.

Notes
Turn   | Place    | Note
-------+----------+-------------------------------------------
     0 | D:1      | mcbry74 the Merfolk Gladiator began the quest for the Orb.
     0 | D:1      | Reached XP level 1. HP: 16/16 MP: 1/1
    51 | D:1      | Reached skill level 5 in Polearms
    73 | D:1      | Reached XP level 2. HP: 22/22 MP: 2/2
   884 | D:2      | Reached skill level 6 in Polearms
   884 | D:2      | Reached XP level 3. HP: 27/27 MP: 3/3
  1228 | D:2      | Noticed Jessica
  1236 | D:2      | Killed Jessica
  1237 | D:2      | Reached skill level 7 in Polearms
  1237 | D:2      | Reached XP level 4. HP: 33/33 MP: 4/4
  1561 | D:3      | Found an opulent altar of Gozag.
  2410 | D:4      | Found a staircase to the Ecumenical Temple.
  2430 | Temple   | Entered the Ecumenical Temple
  3033 | Temple   | Became a worshipper of the Shining One
  3080 | D:4      | Found a hide-covered altar of Uskayaw.
  3147 | D:4      | Noticed a necrophage
  3165 | D:4      | Killed a necrophage
  3166 | D:4      | Reached skill level 8 in Polearms
  3166 | D:4      | Reached XP level 5. HP: 30/38 MP: 5/5
  3377 | D:4      | Reached skill level 9 in Polearms
  3670 | D:5      | Entered Level 5 of the Dungeon
  3711 | D:5      | Reached XP level 6. HP: 44/44 MP: 6/6
  3814 | D:5      | Reached skill level 1 in Invocations
  3835 | D:5      | Noticed a water moccasin
  3835 | D:5      | Reached * piety under the Shining One
  3848 | D:5      | Killed a water moccasin
  3995 | D:5      | Reached XP level 7. HP: 23/52 MP: 8/8
  4300 | D:5      | Reached skill level 10 in Polearms
  4629 | D:5      | Found a burning altar of Makhleb.
  4666 | D:5      | Reached skill level 5 in Dodging
  5052 | D:5      | Reached XP level 8. HP: 56/59 MP: 9/9
  5326 | D:6      | Found Mehiwnos's Jewellery Boutique.
  5618 | D:6      | Found a snail-covered altar of Cheibriados.
  5693 | D:6      | Reached skill level 1 in Armour
  6191 | D:6      | Reached skill level 11 in Polearms
  6587 | D:7      | Found a basalt altar of Yredelemnul.
  6871 | D:7      | Reached XP level 9. HP: 66/66 MP: 11/11
  7325 | D:7      | Got the Handbook of Ignition and the Compass
  7419 | D:7      | Reached ** piety under the Shining One
  7427 | D:7      | Reached skill level 12 in Polearms
  7451 | D:7      | Reached skill level 5 in Fighting
  7687 | D:7      | Found a broken altar of Ashenzari.
  7746 | D:6      | Found a glowing silver altar of Zin.
  7795 | D:7      | HP: 3/68 [orc (2)]
  7796 | D:7      | Succumbed to an orc's curare-tipped dart

Illustrated notes

Levels and vault maps discovered:
D:1:      dpeg_arrival_fog, layout_basic
D:2:      layout_rooms, uniq_jessica
D:3:      layout_basic, mainiacjoe_overflow_cross_hatched
D:4:      layout_gridville, mainiacjoe_overflow_surrounded_room, temple_pool_b
D:5:      layout_basic, overflow_temple_1_default
D:6:      layout_gridville, nicolae_overflow_hidden_temple, serial_shops,
          nicolae_shop_crystal
D:7:      layout_loops_ring, evilmike_ruin_ashenzari,
          nicolae_yredelemnul_corpse_copse
Temple:   chequers_temple_sunken

Skill      XL: |  1  2  3  4  5  6  7  8  9 |
---------------+----------------------------+-----
Polearms       | 5 6 7 8 9 10 11 12 | 12.2
Invocations    | 1 2 3 4 |  4.3
Fighting       | 3 4 5 |  5.1
Throwing       | 3 4 |  4.5
Dodging        | 5 6 |  6.8
Armour         | 1 2 |  2.3

Action                   |  1- 3 |  4- 6 |  7- 9 || total
-------------------------+-------+-------+-------++-------
Melee: Trident           |    71 |   153 |   309 ||   533
Throw: Boomerang         |       |       |     8 ||     8
       Throwing net      |       |       |     2 ||     2
  Use: Potion            |       |     1 |     1 ||     2
       Scroll            |       |       |     7 ||     7
 Stab: Sleeping          |     3 |     2 |       ||     5
Armor: Leather armour    |     9 |    36 |    12 ||    57
       Steam dragon scal |       |       |    58 ||    58
Dodge: Dodged            |    24 |    81 |   161 ||   266
